 Dungeon Crawl Stone Soup version 0.29-a0-643-ga013cefcf8 (webtiles) character file.

Game seed: 10451917786796296913

464 zeratav the Stinger (level 7, -1/40 HPs)
             Began as a Kobold Gladiator on June 20, 2022.
             Splashed by a jelly's acid (7 damage)
             ... on level 5 of the Dungeon.
             The game lasted 00:07:52 (5459 turns).

zeratav the Stinger (Kobold Gladiator)              Turns: 5459, Time: 00:07:52

Health: -1/40      AC: -1    Str: 12    XL:     7   Next: 29%
Magic:  0/7        EV: 15    Int:  9    God:
Gold:   180        SH:  0    Dex: 18    Spells: 6/6 levels left

rFire   . . .      SeeInvis .   a - +0 rapier {short}
rCold   + . .      Faith    .   (no shield)
rNeg    . . .      Spirit   +   h - +2 leather armour {rC+}
rPois   .          Reflect  .   c - +0 helmet
rElec   .          Harm     .   (no cloak)
rCorr   .          Rampage  .   (no gloves)
Will    .....                   m - +0 pair of boots
Stlth   ++++......              f - amulet of guardian spirit
HPRegen 0.13/turn               (no ring)
MPRegen 0.10/turn               (no ring)

@: corroded
A: small, no large weapons, nightstalker 3
a: no special abilities


You were on level 5 of the Dungeon.
You visited 1 branch of the dungeon, and saw 5 of its levels.
You also visited: Sewer.

You collected 180 gold pieces.


Innate Abilities, Weirdness & Mutations

You are small and have problems with some larger weapons.
You are completely attuned to the shadows.


   Skills:
 - Level 2.1 Fighting
 + Level 4.7 Short Blades
 - Level 2.1 Throwing
 - Level 3.6 Dodging
 - Level 5.0 Stealth
 - Level 5.6 Poison Magic


You had 6 spell levels left.
You didn't know any spells.
Your spell library contained the following spells:

 Spells                   Type           Power      Damage    Failure   Level
 Spider Form              Tmut/Pois      5%         N/A       43%         3
 Beastly Appendage        Tmut           0%         N/A       45%         1
 Ignite Poison            Fire/Tmut/Pois 3%         N/A       58%         3
 Mephitic Cloud           Conj/Pois/Air  3%         N/A       58%         3
 Wereblood                Tmut           0%         N/A       61%         2
 Gell's Gravitas          Tloc           0%         N/A       83%         3
 Lesser Beckoning         Tloc           0%         N/A       83%         3
 Teleport Other           Tloc           0%         N/A       83%         3
 Freezing Cloud           Conj/Ice/Air   0%         6-21      100%        5

Inventory:

Hand Weapons
 a - a +0 rapier (weapon) {short}
Missiles
 d - 3 throwing nets (quivered) {=fthrowing}
 e - 2 boomerangs {throwing}
Armour
 c - a +0 helmet (worn)
 h - a +2 leather armour of cold resistance (worn)
   (You found it on level 1 of the Dungeon)
 m - a +0 pair of boots (worn)
   (You found it on level 1 of the Dungeon)
 x - a +0 troll leather armour {Pargi}
   (You found it in a sewer)
Jewellery
 f - an amulet of guardian spirit (around neck)
   (You found it on level 1 of the Dungeon)
Wands
 t - a wand of acid (9)
   (You took it off Ijyb on level 3 of the Dungeon)
Scrolls
 i - 3 scrolls of fear {unknown}
 j - 2 scrolls of teleportation {unknown}
 o - a scroll of blinking {unknown}
 r - a scroll of amnesia {unknown}
 s - 2 scrolls of immolation {!r!r}
 y - 2 scrolls of summoning {unknown}
 z - a scroll of enchant armour {unknown}
 A - 2 scrolls of fog {unknown}
Potions
 b - 2 potions of heal wounds {unknown}
 g - 2 potions of flight {unknown}
 k - a potion of degeneration {unknown}
 l - 2 potions of mutation {unknown}
 n - a potion of curing {unknown}
 p - 4 potions of might {unknown}
 q - a potion of resistance {unknown}
 u - a potion of lignification {unknown}
 v - a potion of brilliance {unknown}
 w - a potion of invisibility {unknown}
 B - a potion of berserk rage {unknown}

Dungeon Overview and Level Annotations

Branches:
Dungeon (5/15) Zot: 25203   Sewer (visited)
 Temple: D:4-7

Altars:

Shops:
D:2

* ####............
......#+##.......
.......#..........
#.......#..........
#.......#..........
#.......#.........
#.......#........
###.......#
....@##'###
....J#......
.....#......
.....#......
.....#......


You could see a jelly.


Message History

You see here a +0 flail {mace}.
You see here a +0 dagger {short}.
There is a stone staircase leading down here.
Things that are here:
a +0 hand axe {axe}; a +0 ring mail
There is an open door here.
Done exploring.
Done exploring.
(D) Dungeon
Where to? (Enter - D:4, ? - help)
(D) Dungeon
Where to? (Enter - D:4, ? - help)
Okay, then.
You can't go down here!
(D) Dungeon
Where to? (Enter - D:4, ? - help)
There is an open door here.
You see here a +0 flail {mace}.
You see here a +0 dagger {short}.
There is a stone staircase leading down here.
You climb downwards.
There is a stone staircase leading up here.
An orc comes into view. It is wielding a +0 club.
You see here a murky green potion.
An orc is nearby!
g - 2 murky green potions (gained 1)
The orc shouts!
The orc hits you but does no damage.
You hit the orc. You hit the orc.
You kill the orc!
No target in view!
No target in view!
You pick up a book of Displacement and begin reading...
You add the spells Lesser Beckoning, Gell's Gravitas and Teleport Other to your library.
Okay, then.
Things that are here:
a +0 club {mace}; a +0 leather armour; an orc corpse You hear a distant slurping noise.
You open the door.
There is an open door here.
You open the door.
There is an open door here.
A jelly comes into view.
The jelly quivers.
A jelly is nearby!
You see here a pink potion.
You hit the jelly.
Your hands burn!
The jelly barely misses you.
HP[-2] MP[-1]
You take 2 damage, and now have 38/40 hp.
You lost 1 mp, and now have 6/7 mp.
You puncture the jelly! The acid corrodes you!
Your hands burn!
The jelly barely misses you.
HP[-3]
You take 3 damage, and now have 35/40 hp.
You hit the jelly but do no damage.
Your hands burn!
The jelly misses you.
HP[-2]
You take 2 damage, and now have 33/40 hp.
You hit the jelly.
Your hands burn!
The jelly hits you.
You are splashed with acid!
HP[-10] MP[-2]
You take 10 damage, and now have 23/40 hp.
MASSIVE DAMAGE!! (PAUSE)
You lost 2 mp, and now have 4/7 mp.
You are too injured to fight recklessly!
You are too injured to fight recklessly!
Unknown command.
You hit the jelly but do no damage. The acid corrodes you!
Your hands burn!
The jelly barely misses you.
HP[-1]
You take 1 damage, and now have 22/40 hp.
You barely miss the jelly. The jelly completely misses you.
HP[+1]
You hit the jelly.
Your hands burn!
* * * LOW HITPOINT WARNING * * *
The jelly closely misses you.
HP[-3]
You take 3 damage, and now have 20/40 hp.
You hit the jelly but do no damage.
Your hands burn!
* * * LOW HITPOINT WARNING * * *
The jelly misses you.
HP[-2] MP[-1]
You take 2 damage, and now have 18/40 hp.
You lost 1 mp, and now have 3/7 mp.
You hit the jelly but do no damage.
Your hands burn!
* * * LOW HITPOINT WARNING * * *
The jelly hits you.
* * * LOW HITPOINT WARNING * * *
You are splashed with acid.
* * * LOW HITPOINT WARNING * * *
HP[-10] MP[-1]
You take 10 damage, and now have 8/40 hp.
MASSIVE DAMAGE!! (PAUSE)
You lost 1 mp, and now have 2/7 mp.
You hit the jelly but do no damage.
Your hands burn!
* * * LOW HITPOINT WARNING * * *
The jelly hits you.
* * * LOW HITPOINT WARNING * * *
You are splashed with acid!
You die...

Skill      XL: |  1  2  3  4  5  6 |
---------------+-------------------+-----
Stealth        | 2 3 4 5 |  5.0
Poison Magic   | 1 3 5 |  5.6
Fighting       | |  2.1
Short Blades   | |  4.7
Throwing       | |  2.1
Dodging        | |  3.6

Action                   |  1- 3 |  4- 6 |  7- 9 || total
-------------------------+-------+-------+-------++-------
Melee: Rapier            |   553 |   123 |    46 ||   722
       Punch             |     8 |     2 |       ||    10
  Use: Scroll            |       |     1 |       ||     1
 Stab: Sleeping          |    16 |    13 |     2 ||    31
       Distracted        |       |     1 |     1 ||     2
Armor: Leather armour    |    26 |    14 |     6 ||    46
Dodge: Dodged            |    66 |    65 |    39 ||   170

Levels and vault maps discovered:
D:1:      lemuel_arrival_behind_the_door_small, layout_loops_cross,
          serial_forest, infiniplex_forest_end_2, infiniplex_forest_end_2,
          infiniplex_forest_straight_4, infiniplex_forest_lined_room_,
          infiniplex_forest_clump_cross, infiniplex_forest_clump_long,
          infiniplex_forest_clump_small, infiniplex_forest_clump_tiny,
          infiniplex_forest_side_room, chequers_ecumenical_altar_grove
D:2:      layout_basic, serial_shops, shop, minmay_tetromino_s2
D:3:      layout_basic, portal_sewer_entry_b, uniq_ijyb
D:4:      layout_basic, minmay_misc_feat_tower, minivault_14
D:5:      layout_gridville, lemuel_coloured_pillars_altar, serial_demonic,
          serial_demonic_f, serial_demonic_a, serial_demonic_b,
          serial_demonic_d, serial_demonic_c

Notes
Turn   | Place    | Note
-------+----------+-------------------------------------------
     0 | D:1      | zeratav the Kobold Gladiator began the quest for the Orb.
     0 | D:1      | Reached XP level 1. HP: 12/12 MP: 1/1
     0 | D:1      | magus.rc [v1.9.6]
    77 | D:1      | Reached skill level 1 in Stealth
   163 | D:1      | Reached skill level 2 in Stealth
   163 | D:1      | Reached XP level 2. HP: 10/17 MP: 2/2
   605 | D:1      | Reached skill level 3 in Stealth
   889 | D:1      | Reached XP level 3. HP: 20/21 MP: 1/3
  1008 | D:1      | Reached skill level 4 in Stealth
  1047 | D:1      | Found a faded altar of an unknown god.
  2278 | D:2      | You add the spells Ignite Poison, Mephitic Cloud and
                  | Freezing Cloud to your library.
  2589 | D:2      | Reached XP level 4. HP: 26/26 MP: 4/4
  2782 | D:2      | Found Puitocan's Assorted Antiques.
  3244 | D:3      | Noticed Ijyb
  3256 | D:3      | Killed Ijyb
  3257 | D:3      | Reached skill level 5 in Stealth
  3501 | D:3      | Reached skill level 1 in Poison Magic
  3506 | D:3      | Reached XP level 5. HP: 20/30 MP: 3/5
  3516 | D:3      | Found a glowing drain.
  3523 | Sewer    | Entered a sewer
  3770 | Sewer    | Noticed Pargi
  3774 | Sewer    | Killed Pargi
  3775 | Sewer    | Reached skill level 3 in Poison Magic
  3775 | Sewer    | Reached XP level 6. HP: 35/35 MP: 6/6
  3828 | Sewer    | HP: 4/35 [cloud of flame (8)]
  4743 | D:4      | Reached skill level 4 in Poison Magic
  4882 | D:4      | Reached skill level 5 in Poison Magic
  4882 | D:4      | Reached XP level 7. HP: 40/40 MP: 7/7
  5068 | D:4      | You pick up a book of Changes and begin reading...
  5068 | D:4      | You add the spells Beastly Appendage, Wereblood and Spider
                  | Form to your library.
  5387 | D:5      | Entered Level 5 of the Dungeon
  5403 | D:5      | You pick up a book of Displacement and begin reading...
  5403 | D:5      | You add the spells Lesser Beckoning, Gell's Gravitas and
                  | Teleport Other to your library.
  5458 | D:5      | HP: 8/40 [acid (5)]
  5459 | D:5      | Splashed by a jelly's acid

Vanquished Creatures
  Pargi (Sewer)
  A scorpion (D:4)
  A howler monkey (D:4)
  A hound (D:4)
  An orc priest (D:4)
  An iguana (D:4)
  Ijyb (D:3)
  3 adders
  3 gnolls (D:4)
  A river rat (D:3)
  5 worms (D:3)
  2 dart slugs (D:3)
  4 orcs
  11 ball pythons
  4 endoplasms
  2 giant cockroaches
  6 goblins
  5 hobgoblins (D:1)
  6 jackals (D:1)
  6 kobolds
  4 quokkas
  5 bats
  11 frilled lizards
  3 rats
  4 bushes (D:1)
92 creatures vanquished.

Vanquished Creatures (others)
  2 plants (D:1)
2 creatures vanquished.

Grand Total: 94 creatures vanquished

Table legend:
 A = Non-vault XP
 B = Vault XP
 C = Vault XP percentage of total XP
 D = Non-vault monster count
 E = Vault monster count
 F = Vault count percentage of total count
                 A         B        C        D         E       F
            +---------+---------+-------+---------+---------+-------
      Total |     440 |     224 |  33.7 |      68 |      20 |  22.7
            +---------+---------+-------+---------+---------+-------
        D:1 |      49 |       0 |   0.0 |      29 |       0 |   0.0
        D:2 |       6 |      15 |  71.4 |       5 |       2 |  28.6
        D:3 |      47 |      69 |  59.5 |      16 |       9 |  36.0
        D:4 |     335 |       0 |   0.0 |      17 |       0 |   0.0
        D:5 |       3 |       0 |   0.0 |       1 |       0 |   0.0
      Sewer |       0 |     140 | 100.0 |       0 |       9 | 100.0
            +---------+---------+-------+---------+---------+-------

Illustrated notes

Table legend:
 A = Kills in this place as a percentage of kills in entire the game.
 B = Kills by you in this place as a percentage of kills by you in the entire game.
 C = Kills by friends in this place as a percentage of kills by friends in the entire game.
 D = Other kills in this place as a percentage of other kills in the entire game.
 E = Experience gained in this place as a percentage of experience gained in the entire game.
 F = Experience gained in this place divided by the number of levels of this place that you have seen.
                   A       B       C       D       E      F
               +-------+-------+-------+-------+-------+----------------------
         Total | 100.0 | 100.0 |   N/A |   N/A | 100.0 | 110.7
       Dungeon |  89.8 |  89.8 |   N/A |   N/A |  78.9 | 104.8
         Sewer |  10.2 |  10.2 |   N/A |   N/A |  21.1 | 140.0
               +-------+-------+-------+-------+-------+----------------------

Table legend: (Time is in decaauts)
 A = Elapsed time spent in this place.
 B = Non-inter-level travel time spent in this place.
 C = Inter-level travel time spent in this place.
 D = Time resting spent in this place.
 E = Time spent auto-exploring this place.
 F = Levels seen in this place.
 G = Mean time per level.
                   A        B        C        D        E       F      G
               +--------+--------+--------+--------+--------+-----+--------+
         Total |   5500 |   5237 |    263 |    677 |   3244 |   6 |  916.7 |
       Dungeon |   4795 |   4532 |    263 |    210 |   3187 |   5 |  959.0 |
         Sewer |    705 |    705 |      0 |    467 |     56 |   1 |  705.0 |
               +--------+--------+--------+--------+--------+-----+--------+

Top non-repeatable levels by time:
     D:1: 2073 daAuts
     D:2: 1032 daAuts
     D:3: 970 daAuts
   Sewer: 705 daAuts
     D:4: 647 daAuts
     D:5: 71 daAuts
